 Dungeon Crawl Stone Soup version 0.23-a0-612-gcb482e9 (console) character file.

1229 bli the Insei (level 8, -7/54 HPs)
             Began as an Octopode Transmuter on Dec 21, 2018.
             Mangled by an ogre
             ... wielding a +0 giant spiked club
              (9 damage)
             ... on level 7 of the Dungeon.
             The game lasted 00:16:30 (6108 turns).

bli the Insei (Octopode Transmuter)                 Turns: 6108, Time: 00:16:30

Health: -7/54      AC:  1    Str: 10    XL:     8   Next: 48%
Magic:  12/13      EV: 14    Int: 16    God:
Gold:   225        SH:  0    Dex: 13    Spells: 3/14 levels left

rFire    . . .     SeeInvis .     - Unarmed
rCold    . . .     Gourm    .   (no shield)
rNeg     . . .     Faith    .   o - +0 hat
rPois    +         Spirit   .   y - amulet of the acrobat
rElec    .         Reflect  .   s - ring of poison resistance
rCorr    .         Harm     .   (no ring)
MR       .....                  (no ring)
Stlth    +++.......             (no ring)
HPRegen  0.18/turn              (no ring)
MPRegen  0.13/turn              (no ring)
                                (no ring)
                                (no ring)

@: appendage
A: almost no armour, stealthy swim, amphibious, 8 rings, constrict 8, tentacle
spike 3, camouflage 1, gelatinous body 1
a: End Transformation


You were on level 7 of the Dungeon.
You were not hungry.
One of your tentacles had a temporary spike.
You visited 1 branch of the dungeon, and saw 7 of its levels.

You collected 225 gold pieces.

Inventory:

Hand Weapons
 k - a +0 blowgun
 p - a +1 dagger of venom
Missiles
 a - 91 arrows
 b - 164 stones (quivered)
 q - 9 poisoned needles
Armour
 o - a +0 hat (worn)
Magical Staves
 r - an uncursed staff of cold
Jewellery
 s - a ring of poison resistance (left tentacle)
 y - an amulet of the acrobat (around mantle)
 F - an uncursed ring of protection from cold {unknown}
Wands
 w - a wand of paralysis (11)
 I - a wand of flame (19)
Scrolls
 d - 2 scrolls of magic mapping {unknown}
 e - 2 scrolls of enchant armour {unknown}
 f - 5 scrolls of teleportation {unknown}
 h - 5 scrolls of remove curse {unknown}
 i - 2 scrolls of blinking {unknown}
 j - 3 scrolls of enchant weapon {unknown}
 u - a scroll of amnesia
 z - a scroll of fog
 D - a scroll of identify
 G - a scroll of immolation
Potions
 g - 2 potions of cancellation {unknown}
 l - 2 potions of agility {unknown}
 m - 4 potions of brilliance {unknown}
 n - 2 potions of heal wounds {unknown}
 v - a potion of resistance {unknown}
 x - 2 potions of invisibility {unknown}
 A - a potion of magic {unknown}
 B - a potion of haste
 C - a potion of flight
 E - 3 potions of curing
 H - a potion of might
 J - a potion of lignification {unknown}
Comestibles
 c - 11 rations
 t - 7 chunks of flesh


   Skills:
 * Level 3.8 Fighting
 + Level 3.7 Dodging
 + Level 3.0 Stealth
 + Level 7.5 Unarmed Combat
 * Level 3.6 Spellcasting
 + Level 3.2 Transmutations


You had 3 spell levels left.
You knew the following spells:

 Your Spells              Type           Power        Failure   Level  Hunger
a - Beastly Appendage     Tmut           ##....       4%          1    None
b - Blade Hands           Tmut           ##........   78%         5    ######.
s - Sticks to Snakes      Tmut           ##......     7%          2    ##.....
S - Spider Form           Tmut/Pois      #.........   26%         3    ###....

Your spell library contained the following spells:

 Spells                   Type           Power        Failure   Level  Hunger
 Magic Dart               Conj           #...         19%         1    None
 Blink                    Tloc           N/A          26%         2    ##.....
 Call Imp                 Summ           #.......     26%         2    ##.....
 Slow                     Hex            #.......     26%         2    ##.....
 Conjure Flame            Conj/Fire      #.......     47%         3    ###....
 Mephitic Cloud           Conj/Pois/Air  #.......     47%         3    ###....
 Ice Form                 Ice/Tmut       #.......     65%         4    ####...


Dungeon Overview and Level Annotations

Branches:
Dungeon (7/15)
 Temple: D:4-7

Altars:
Makhleb

Shops:
D:6 =


Innate Abilities, Weirdness & Mutations

You cannot wear most types of armour.
You are very stealthy in the water. (Stealth+)
You are amphibious.
You can wear up to eight rings at the same time.
You can use your tentacles to constrict eight enemies at once.
Your skin changes colour to match your surroundings (Stealth+).
Your rubbery body absorbs attacks. (AC +1, EV +1)
One of your tentacles bears a large vicious spike.


Message History

The ogre barely misses you.
You bludgeon the ogre!
The ogre is heavily wounded.
You constrict the crimson imp. The sky beast hits you.
The sky beast shocks
* * * LOW HITPOINT WARNING * * *
The crimson imp blinks free!
You tentacle-slap the ogre.
The ogre is severely wounded.
The ogre completely misses you.
The sky beast flickers out of sight!
Deactivating autopickup; reactivate with Ctrl-A.
Something hits you but does no damage.
The crimson imp blinks!
Casting: Beastly Appendage (safe; 4% risk of failure)
Confirm with . or Enter, or press ? or * to list all spells.
One of your tentacles grows a vicious spike.
Something hits you.
* * * LOW HITPOINT WARNING * * *
Something shocks you.
* * * LOW HITPOINT WARNING * * *
The ogre hits you with a +0 giant spiked club!
You die...

##.........#
....§.....#
.##.........#
...........#
#....5....
......#
#O{§.# #@#
#.# ... ####.
.# #


You could see an ogre and a crimson imp.

Vanquished Creatures
  Duvessa (D:6)
  A phantom (D:4)
  An ogre (D:5)
  A centaur (D:5)
  Dowan (D:6)
  3 crimson imps
  3 centaur zombies
  An orc priest (D:3)
  3 hounds
  2 orc wizards (D:6)
  A jelly (D:5)
  2 bullfrog zombies (D:6)
  A centaur skeleton (D:4)
  2 worker ants
  2 hound skeletons
  4 gnolls (D:6)
  A howler monkey skeleton (D:5)
  7 adders
  2 oozes
  3 worms
  4 dart slugs
  3 leopard geckos
  9 orcs
  A ball python (D:3)
  10 bats
  5 giant cockroaches
  10 goblins
  7 hobgoblins
  7 jackals
  2 quokkas (D:4)
  8 frilled lizards
  11 kobolds
  9 rats
128 creatures vanquished.

Notes
Turn   | Place    | Note
-------+----------+-------------------------------------------
     0 | D:1      | bli the Octopode Transmuter began the quest for the Orb.
     0 | D:1      | Reached XP level 1. HP: 13/13 MP: 3/3
   272 | D:1      | Reached XP level 2. HP: 16/18 MP: 3/5
   882 | D:2      | Reached XP level 3. HP: 16/23 MP: 4/6
   935 | D:2      | Reached skill level 4 in Unarmed Combat
  1413 | D:2      | Reached XP level 4. HP: 26/29 MP: 7/7
  2223 | D:3      | Reached XP level 5. HP: 19/35 MP: 8/8
  2239 | D:3      | Learned a level 3 spell: Spider Form
  2675 | D:3      | Reached skill level 5 in Unarmed Combat
  2725 | D:3      | Reached XP level 6. HP: 20/41 MP: 7/9
  2752 | D:3      | Found a burning altar of Makhleb.
  2801 | D:3      | Learned a level 2 spell: Sticks to Snakes
  3300 | D:4      | Noticed a phantom
  3338 | D:4      | Killed a phantom
  3752 | D:4      | Reached XP level 7. HP: 20/46 MP: 9/11
  4006 | D:4      | Learned a level 5 spell: Blade Hands
  4067 | D:5      | Entered Level 5 of the Dungeon
  4082 | D:5      | Reached skill level 1 in Stealth
  4082 | D:5      | Reached skill level 6 in Unarmed Combat
  4981 | D:6      | Reached skill level 7 in Unarmed Combat
  4985 | D:6      | Reached XP level 8. HP: 34/52 MP: 12/12
  5160 | D:6      | Found Myroad Hoist's Jewellery Boutique.
  5638 | D:6      | Noticed Duvessa
  5640 | D:6      | Noticed Dowan
  5649 | D:6      | Killed Duvessa
  5651 | D:6      | Killed Dowan
  6108 | D:7      | HP: 2/54 [something (6)]
  6108 | D:7      | Mangled by an ogre

Vault maps used:
D:1:      saegor_arrival_simple_a
D:2:      minmay_cupped
D:3:      makhleb_heckhound_becter
D:5:      first_ration
D:6:      serial_shops, nicolae_shop_behind_doors, uniq_duvessa
D:7:      minmay_temple_entry_purple_smoke, uniq_joseph, uniq_menkaure

Skill      XL: |  1  2  3  4  5  6  7  8 |
---------------+-------------------------+-----
Unarmed Combat | 4 5 7 |  7.5
Fighting       | 2 3 |  3.8
Dodging        | 3 |  3.7
Stealth        | 2 3 |  3.0
Spellcasting   | 3 |  3.6
Transmutations | 3 |  3.2

Action                   |  1- 3 |  4- 6 |  7- 9 || total
-------------------------+-------+-------+-------++-------
Melee: Unarmed           |    84 |   159 |   120 ||   363
       Constrict         |    27 |    31 |    29 ||    87
       Kick              |     8 |    16 |    24 ||    48
       Tentacles         |     6 |    28 |    20 ||    54
       Punch             |     2 |     3 |    10 ||    15
Throw: Stone             |       |     2 |       ||     2
 Cast: Beastly Appendage |     9 |    17 |    14 ||    40
  Use: Scroll            |       |       |     7 ||     7
 Stab: Sleeping          |     5 |     9 |     6 ||    20
       Distracted        |     1 |     1 |       ||     2
  Eat: Chunk             |     2 |     7 |     8 ||    17
Armor: Skin              |    10 |     9 |     6 ||    25
Dodge: Dodged            |    62 |    95 |    64 ||   221

Table legend:
 A = Non-vault XP
 B = Vault XP
 C = Vault XP percentage of total XP
 D = Non-vault monster count
 E = Vault monster count
 F = Vault count percentage of total count
                 A         B        C        D         E       F
            +---------+---------+-------+---------+---------+-------
      Total |    1488 |     269 |  15.3 |     122 |       6 |   4.7
            +---------+---------+-------+---------+---------+-------
        D:1 |      26 |       0 |   0.0 |      18 |       0 |   0.0
        D:2 |      86 |       3 |   3.4 |      30 |       3 |   9.1
        D:3 |     185 |      43 |  18.9 |      30 |       1 |   3.2
        D:4 |     305 |       0 |   0.0 |      11 |       0 |   0.0
        D:5 |     490 |       0 |   0.0 |      15 |       0 |   0.0
        D:6 |     396 |     223 |  36.0 |      18 |       2 |  10.0
            +---------+---------+-------+---------+---------+-------
